 Dungeon Crawl Stone Soup version 0.31-a0-344-gd109795599 (webtiles) character file.

Game seed: 7009130093819070649

91 ragingrage the Vexing (level 4, -2/30 HPs)
             Began as a Mummy Enchanter on July 21, 2023.
             Slain by a scorpion (4 damage)
             ... on level 3 of the Dungeon.
             The game lasted 00:03:47 (1751 turns).

ragingrage the Vexing (Mummy Enchanter)             Turns: 1751, Time: 00:03:47

Health: -2/30      AC:  4    Str: 11    XL:     4   Next: 33%
Magic:  4/8        EV: 12    Int: 16    God:
Gold:   130        SH:  0    Dex: 12    Spells: 3/8 levels left

rFire   x . .        a - +1 dagger
rCold   + . .        (no shield)
rNeg    + + +        e - +0 robe
rPois   ∞            (no helmet)
rElec   .            (no cloak)
rCorr   .            (no gloves)
SInv    .            g - +1 pair of boots
Will    .....        (no amulet)
Stlth   ++           (no ring)
HPRegen 0.25/turn    (no ring)
MPRegen 0.11/turn

%: faith
@: no status effects
A: cold resistance 1, negative energy resistance 3, torment resistance 2, heat
vulnerability 1, in touch with death 1, no potions, faith
a: no special abilities


You were on level 3 of the Dungeon.
You visited 1 branch of the dungeon, and saw 3 of its levels.

You collected 130 gold pieces.

Inventory:

Hand Weapons
 a - a +1 dagger (weapon)
 c - a +0 short sword
Missiles
 h - 6 poisoned darts
Armour
 e - a +0 robe (worn)
 g - a +1 pair of boots (worn)
Magical Staves
 b - a staff of cold
Scrolls
 d - a scroll of poison {unknown}
 f - a scroll of noise
 i - a scroll of revelation {unknown}
 j - a scroll of silence {unknown}
 k - a scroll of enchant weapon {unknown}


   Skills:
 - Level 2.1 Short Blades
 - Level 1.5 Dodging
 - Level 2.4 Stealth
 - Level 2.6 Spellcasting
 + Level 3.6 Hexes
 + Level 1.3 Ice Magic


You had 3 spell levels left.
You knew the following spells:

 Your Spells              Type           Power      Damage    Failure   Level
a - Ensorcelled Hibernat  Hex/Ice        20%        N/A       11%         2
b - Frozen Ramparts       Ice            12%        1d2       32%         3

Your spell library contained the following spells:

 Spells                   Type           Power      Damage    Failure   Level
 Slow                     Hex            52%        N/A       4%          1
 Confusing Touch          Hex            13%        N/A       13%         3
 Tukima's Dance           Hex            13%        N/A       13%         3
 Dazzling Flash           Conj/Hex       16%        N/A       26%         3
 Vampiric Draining        Necr           3%         2d6       50%         3
 Petrify                  Tmut/Erth      2%         N/A       88%         4
 Metabolic Englaciation   Hex/Ice        5%         N/A       89%         5


Dungeon Overview and Level Annotations

Branches:
Dungeon (3/15)

Altars:
Qazlal


Innate Abilities, Weirdness & Mutations

You are immune to poison.
Your flesh is cold resistant. (rC+)
You are immune to negative energy. (rN+++)
You are immune to unholy pain and torment.
You are vulnerable to heat. (rF-)
You are in touch with the powers of death.
You do not drink.
You have a special connection with the divine. (Faith)


Message History

Aiming: Ensorcelled Hibernation (safe; 11% risk of failure)
Press: ? - help, Q - select action, (/) - cycle Shift-Dir - straight line, f/p - scorpion
Aim: a scorpion (chance to affect: 49%)
You feel a surge of power!
The scorpion resists with some effort.
The scorpion barely misses you.
Aiming: Ensorcelled Hibernation (safe; 11% risk of failure)
Press: ? - help, Q - select action, (/) - cycle Shift-Dir - straight line, f/p - scorpion
Aim: a scorpion (chance to affect: 49%)
You feel a surge of power!
The scorpion looks drowsy...
a - a +1 dagger (weapon)
You barely miss the scorpion.
The scorpion stings you but does no damage.
You closely miss the scorpion. The scorpion closely misses you.
You hit the scorpion. The scorpion stings you.
The scorpion stings you but does no damage.
You barely miss the scorpion. The scorpion closely misses you.
You hit the scorpion but do no damage.
The scorpion stings you but does no damage.
You barely miss the scorpion. The scorpion stings you!
You hit the scorpion but do no damage. The scorpion stings you.
You hit the scorpion. The scorpion stings you.
* * * LOW HITPOINT WARNING * * *
You hit the scorpion but do no damage. The scorpion closely misses you.
You hit the scorpion. The scorpion stings you.
* * * LOW HITPOINT WARNING * * *
You hit the scorpion. The scorpion stings you.
* * * LOW HITPOINT WARNING * * *
You hit the scorpion but do no damage.
The scorpion stings you but does no damage.
You closely miss the scorpion. The scorpion closely misses you.
You hit the scorpion. The scorpion completely misses you.
You hit the scorpion. The scorpion stings you.
* * * LOW HITPOINT WARNING * * *
Unknown command.
As you read the scroll labelled DIXZAKL ANIHAPHI, it crumbles to dust.
You hear a loud clanging noise!
It was a scroll of noise.
You hear a shout! x2
The scorpion closely misses you. The scorpion stings you.
You die...

#.# . #.#
#.#############
#..............
#..#######.......###.#.#
#............#.......#.#
..####.#...###..#####.#
#.#..#.#.#.# #.#
#@#....#...# #.#
#s#....#...# #.#
#.#....#...#####.#
..#....#.........#
####.......####..#
#####.### #..# #..# #...
####.## #.## #<...# #.##


You could see a scorpion.

Vanquished Creatures
  4 adders (D:2)
  7 ball pythons
  7 endoplasms
  3 giant cockroaches (D:1)
  6 goblins
  5 hobgoblins (D:1)
  4 kobolds (D:1)
  4 quokkas
  A bat (D:1)
  8 rats
49 creatures vanquished.

Notes
Turn   | Place    | Note
-------+----------+-------------------------------------------
     0 | D:1      | ragingrage the Mummy Enchanter began the quest for the Orb.
     0 | D:1      | Reached XP level 1. HP: 13/13 MP: 4/4
    61 | D:1      | Reached skill level 1 in Short Blades
   142 | D:1      | Reached skill level 3 in Hexes
   142 | D:1      | Reached XP level 2. HP: 19/19 MP: 5/5
   280 | D:1      | Learned a level 2 spell: Ensorcelled Hibernation
   512 | D:1      | Gained mutation: You are in touch with the powers of death.
                  | [Mummy growth]
   512 | D:1      | Reached XP level 3. HP: 23/24 MP: 7/7
   938 | D:2      | Found a stormy altar of Qazlal.
  1067 | D:2      | Reached skill level 1 in Ice Magic
  1099 | D:2      | Reached XP level 4. HP: 5/30 MP: 2/8
  1296 | D:2      | Learned a level 3 spell: Frozen Ramparts
  1727 | D:3      | Noticed a scorpion
  1751 | D:3      | Slain by a scorpion

Illustrated notes

Levels and vault maps discovered:
D:1:      matt_arrival_refuge, layout_rooms
D:2:      layout_rooms, basic_altar
D:3:      layout_basic, serial_shops, nicolae_shop_advertising_works
          [nicolae_subvault_shop_adworks], uniq_sigmund, uniq_ijyb

Skill      XL: |  1  2  3 |
---------------+----------+-----
Short Blades   | 1 2 |  2.1
Hexes          | 3 |  3.6
Ice Magic      | 1 |  1.3
Dodging        | |  1.5
Stealth        | |  2.4
Spellcasting   | |  2.6

Action                     |  1- 3 |  4- 6 || total
---------------------------+-------+-------++-------
  Melee: Dagger            |   146 |    46 ||   192
         Punch             |     1 |       ||     1
   Cast: Ensorcelled Hiber |     7 |     3 ||    10
    Use: Scroll            |       |     1 ||     1
   Stab: Sleeping          |     8 |     2 ||    10
 Armour: Robe              |    27 |    10 ||    37
  Dodge: Dodged            |    77 |    19 ||    96

Table legend: (Time is in decaauts)
 A = Elapsed time spent in this place.
 B = Non-inter-level travel time spent in this place.
 C = Inter-level travel time spent in this place.
 D = Time resting spent in this place.
 E = Time spent auto-exploring this place.
 F = Levels seen in this place.
 G = Mean time per level.
                   A        B        C        D        E       F      G
               +--------+--------+--------+--------+--------+-----+--------+
         Total |   1725 |   1672 |     53 |    252 |    946 |   3 |  575.0 |
       Dungeon |   1725 |   1672 |     53 |    252 |    946 |   3 |  575.0 |
               +--------+--------+--------+--------+--------+-----+--------+

Top non-repeatable levels by time:
     D:1: 925 daAuts
     D:2: 722 daAuts
     D:3: 78 daAuts
